 Dungeon Crawl Stone Soup version 0.29-a0-648-g6b26cc9f40 (webtiles) character file.

Game seed: 10654396791627148187

14398 KristoblXynda the Carver (level 11, -7/102 HPs)
             Began as a Black Draconian Monk on June 20, 2022.
             Was an Initiate of Gozag.
             Mangled by Snorg (8 damage)
             ... on level 11 of the Dungeon.
             The game lasted 00:14:45 (11258 turns).

KristoblXynda the Carver (Black Draconian Monk)    Turns: 11258, Time: 00:14:46

Health: -7/102     AC: 15    Str: 23    XL:     11   Next: 88%
Magic:  11/11      EV: 16    Int: 12    God:    Gozag
Gold:   3286       SH:  0    Dex: 13    Spells: 10/10 levels left

rFire   . . .      SeeInvis +   c - +2 Maxwell's thermic engine {flame, freeze}
rCold   . . .      Faith    .   (no shield)
rNeg    . . .      Spirit   .   (body armour unavailable)
rPois   .          Reflect  .   x - +2 hat
rElec   +          Harm     .   E - +2 cloak
rCorr   .          Rampage  .   B - +2 pair of gloves
Will    .....                   (no boots)
Stlth   ++........              i - amulet of regeneration
HPRegen 1.07/turn               a - +6 ring of strength
MPRegen 0.12/turn               g - ring of see invisible

@: hasted, very quick
A: breathe lightning, AC +7, unfitting armour, electricity resistance,
cold-blooded
a: Breathe Lightning, Renounce Religion, Potion Petition, Call Merchant, Bribe
Branch


You were on level 11 of the Dungeon.
You worshipped Gozag.
Gozag was most pleased with you.
You visited 2 branches of the dungeon, and saw 12 of its levels.

You collected 3286 gold pieces.

Inventory:

Hand Weapons
 c - the +2 Maxwell's thermic engine (weapon) {flame, freeze}
   (You found it on level 4 of the Dungeon)

   It burns those it strikes, dealing additional fire damage.
   Big, fiery blades are also staple armaments of hydra-hunters.
   It freezes those it strikes, dealing additional cold damage.
   It can also slow down cold-blooded creatures.
   It becomes more effective when it hits something.
   This effect fades over time.
 J - a +2 scimitar of flaming
Missiles
 t - a throwing net (quivered)
Armour
 s - a +0 kite shield
 x - a +2 hat (worn)
 B - a +2 pair of gloves (worn)
 E - a +2 cloak (worn)
Jewellery
 a - a +6 ring of strength (left hand)
 d - a ring of positive energy
 g - a ring of see invisible (right hand)
 i - an amulet of regeneration (around neck)
 I - a ring of protection from cold
Wands
 f - a wand of light (15)
 A - a wand of mindburst (10)
Scrolls
 n - a scroll of magic mapping
 o - 3 scrolls of enchant weapon
 p - 3 scrolls of amnesia
 v - 2 scrolls of fear
 y - 3 scrolls of teleportation
 z - a scroll of silence
 C - a scroll of brand weapon
Potions
 b - a potion of ambrosia
 e - 4 potions of magic
 j - a potion of cancellation
 k - 2 potions of might
 m - 2 potions of brilliance {unknown}
 r - a potion of curing
 w - 2 potions of haste
 D - 3 potions of heal wounds
 G - a potion of berserk rage {unknown}
 H - 2 potions of flight


   Skills:
 + Level 11.0 Fighting
 + Level 12.4 Long Blades
 - Level 2.1 Throwing
 + Level 9.3 Dodging
 - Level 1.7 Stealth
 + Level 6.4 Evocations


You had 10 spell levels left.
You didn't know any spells.
Your spell library contained the following spells:

 Spells                   Type           Power      Damage    Failure   Level
 Apportation              Tloc           0%         N/A       32%         1
 Magic Dart               Conj           0%         1d3       32%         1
 Necrotize                Necr           0%         1d4       32%         1
 Sandblast                Erth           0%         2d4       32%         1
 Summon Small Mammal      Summ           0%         N/A       32%         1
 Passwall                 Tmut/Erth      0%         N/A       45%         2
 Scorch                   Fire           0%         2d5       45%         2
 Searing Ray              Conj           0%         2d4       45%         2
 Gell's Gravitas          Tloc           0%         N/A       69%         3
 Ignite Poison            Fire/Tmut/Pois 0%         N/A       69%         3
 Lesser Beckoning         Tloc           0%         N/A       69%         3
 Mephitic Cloud           Conj/Pois/Air  0%         N/A       69%         3
 Ozocubu's Armour         Ice            0%         N/A       69%         3
 Stone Arrow              Conj/Erth      0%         3d7       69%         3
 Teleport Other           Tloc           0%         N/A       69%         3
 Dispel Undead            Necr           0%         3d6       97%         4
 Flame Wave               Conj/Fire      0%         2d4       97%         4
 Fulminant Prism          Conj/Hex       0%         3d6       97%         4
 Freezing Cloud           Conj/Ice/Air   0%         6-21      100%        5
 Metabolic Englaciation   Hex/Ice        0%         N/A       100%        5
 Death Channel            Necr           0%         N/A       100%        6
 Summon Cactus Giant      Summ           0%         N/A       100%        6
 Corpse Rot               Necr/Pois/Air  Unusable   N/A       N/A         4
 Simulacrum               Ice/Necr       Unusable   N/A       N/A         6

Dungeon Overview and Level Annotations

Branches:
Dungeon (11/15)            Temple (1/1) D:4            Lair (0/6) D:10
    Orc (0/2) D:9

Altars:
Cheibriados
Dithmenos
Elyvilon
Fedhas
Gozag
Hepliaklqana
Kikubaaqudgha
Makhleb
Nemelex Xobeh
Okawaru
Qazlal
Ru
Sif Muna
Trog
Uskayaw
Vehumet
Wu Jian
Xom
Yredelemnul
Zin
The Shining One

Shops:
D:4 [

Annotations:
D:8 3 runed translucent doors
D:11 Snorg


Innate Abilities, Weirdness & Mutations

You can breathe wild blasts of lightning.
Your glossy black scales are hard. (AC +7)
You cannot fit into any form of body armour.
You are resistant to electric shocks. (rElec)
You are cold-blooded and may be slowed by cold attacks.


Message History

There is a stone staircase leading up here.
Okay, then.
You now have 3267 gold pieces (gained 18).
You now have 3286 gold pieces (gained 19).
Snorg the Insatiable comes into view.
Snorg is nearby!
Snorg is nearby!
Snorg shouts!
You hear a shout!
Snorg goes berserk!
Snorg bites you!! Snorg claws you! Snorg closely misses you.
You hit Snorg but do no damage. You freeze Snorg.
Snorg is lightly wounded.
Snorg closely misses you. Snorg claws you but does no damage.
Snorg closely misses you.
You slice Snorg!! You burn Snorg! You freeze Snorg.
Snorg is moderately wounded.
Snorg bites you. Snorg claws you but does no damage. Snorg claws you!
A troll comes into view.
Snorg barely misses you. Snorg closely misses you.
Snorg claws you but does no damage.
You slash Snorg! You burn Snorg. You freeze Snorg.
Your tail-slap misses Snorg.
Snorg is heavily wounded.
Snorg bites you. Snorg claws you! Snorg closely misses you.
Okay, then.
Okay, then.
You feel yourself speed up. Snorg barely misses you. Snorg claws you.
Snorg closely misses you. Snorg attacks as you move away! Snorg bites you!
* * * LOW HITPOINT WARNING * * *
Snorg closely misses you. x2
Snorg attacks as you move away! Snorg completely misses you.
Snorg claws you but does no damage. Snorg barely misses you.
Snorg attacks as you move away! Snorg barely misses you. Snorg misses you. x2
Snorg attacks as you move away! Snorg bites you!!
* * * LOW HITPOINT WARNING * * *
Snorg claws you!
* * * LOW HITPOINT WARNING * * *
Snorg claws you!
You die...
Your body crumbles into a pile of gold.

#.# #.# ####.##
#########.....#
.....T....##..####
.#########.......##
.# #.#.###..# ##
########T# #
###..@.# #
##......# ###
##......## #.#
###....####
#.###....###
#.......##
##......##
#.....### ###.#####


You could see Snorg (berserk).

Vanquished Creatures
  Gastronok (D:8)
  Erica (D:9)
  2 two-headed ogres
  Urug (D:10)
  An ugly thing (D:10)
  A manticore (D:9)
  Maurice (D:8)
  Joseph (D:8)
  Psyche (D:8)
  2 trolls
  5 slime creatures
  Sigmund (D:4)
  A shadow (D:9)
  2 wyverns
  25 yaks
  2 wargs (D:10)
  A steam dragon (D:8)
  An acid dragon (D:8)
  3 water moccasins (D:8)
  Edmund (D:4)
  A sky beast (D:6)
  3 orc warriors
  A black bear (D:4)
  An ice beast (D:7)
  An ogre (D:5)
  A centaur (D:9)
  2 phantoms
  A necrophage (D:5)
  A gnoll sergeant (D:5)
  2 scorpions
  9 wights
  A crimson imp (D:5)
  A gnoll shaman (D:5)
  9 orc priests
  3 hounds
  2 jellies
  15 orc wizards
  8 ogre zombies (D:9)
  9 adders
  14 gnolls
  3 white imps
  4 ufetubi
  3 worms
  3 dart slugs
  23 orcs
  5 bats
  7 endoplasms
  5 giant cockroaches
  3 goblins
  4 hobgoblins
  6 quokkas
  9 ball pythons
  2 frilled lizards (D:3)
  A goblin skeleton (D:9)
  3 goblin zombies (D:9)
  2 hobgoblin skeletons (D:9)
  4 hobgoblin zombies (D:9)
  12 kobolds
  An orc skeleton (D:9)
  14 orc zombies (D:9)
  5 rats
258 creatures vanquished.

Vanquished Creatures (others)
  A plant (D:10)
1 creature vanquished.

Grand Total: 259 creatures vanquished

Notes
Turn   | Place    | Note
-------+----------+-------------------------------------------
     0 | D:1      | KristoblXynda the Draconian Monk began the quest for the
                  | Orb.
     0 | D:1      | Reached XP level 1. HP: 19/19 MP: 1/1
   180 | D:1      | Reached XP level 2. HP: 23/26 MP: 2/2
   822 | D:1      | Found a faded altar of an unknown god.
  1138 | D:2      | Reached XP level 3. HP: 33/33 MP: 3/3
  1490 | D:2      | Reached skill level 4 in Long Blades
  1716 | D:2      | Reached XP level 4. HP: 39/40 MP: 4/4
  3059 | D:3      | Reached XP level 5. HP: 41/46 MP: 5/5
  3097 | D:3      | HP: 1/46 [gnoll/+0 flail (5)]
  3799 | D:4      | Found the +2 Maxwell's thermic engine {flame, freeze}
  3950 | D:4      | Reached skill level 5 in Long Blades
  4054 | D:4      | Found Fanog's Antique Armour Shop.
  4096 | D:4      | Noticed Edmund
  4106 | D:4      | Killed Edmund
  4107 | D:4      | Reached XP level 6. HP: 39/55 MP: 6/6
  4210 | D:4      | Noticed Sigmund
  4216 | D:4      | Killed Sigmund
  4217 | D:4      | Reached skill level 5 in Fighting
  4217 | D:4      | Reached skill level 6 in Long Blades
  4296 | D:4      | Found a sacrificial altar of Ru.
  4304 | D:4      | Your scales start taking on a glossy black colour.
  4304 | D:4      | Reached XP level 7. HP: 61/61 MP: 7/7
  4304 | D:4      | Gained mutation: You are resistant to electric shocks.
                  | (rElec) [Black Draconian growth]
  4664 | D:4      | Found an ornate altar of the Wu Jian Council.
  4709 | D:4      | Found a staircase to the Ecumenical Temple.
  4890 | Temple   | Entered the Ecumenical Temple
  5038 | Temple   | Became a worshipper of Gozag Ym Sagoz the Greedy
  5111 | D:5      | Entered Level 5 of the Dungeon
  5168 | D:5      | Reached skill level 7 in Long Blades
  5345 | D:5      | Reached skill level 5 in Dodging
  5345 | D:5      | Reached XP level 8. HP: 70/70 MP: 8/8
  5900 | D:5      | Reached skill level 8 in Long Blades
  6121 | D:5      | Reached skill level 1 in Throwing
  6993 | D:7      | Noticed a slime creature
  6994 | D:7      | Noticed a slime creature
  7012 | D:6      | Killed a slime creature
  7031 | D:7      | Noticed a slime creature
  7032 | D:7      | Noticed a slime creature
  7032 | D:7      | Noticed a slime creature
  7049 | D:6      | Killed a slime creature
  7050 | D:6      | Reached XP level 9. HP: 64/79 MP: 9/9
  7232 | D:6      | Reached skill level 9 in Long Blades
  7934 | D:8      | Noticed Psyche
  7980 | D:8      | Reached skill level 10 in Long Blades
  8078 | D:8      | Noticed Joseph
  8088 | D:8      | Killed Joseph
  8089 | D:8      | Reached XP level 10. HP: 80/90 MP: 10/10
  8164 | D:8      | Found a runed translucent gate.
  8164 | D:8      | Found a runed translucent gate.
  8164 | D:8      | Found a runed translucent gate.
  8164 | D:8      | Noticed a brown ugly thing
  8164 | D:8      | Noticed a purple ugly thing
  8164 | D:8      | Noticed a brown ugly thing
  8164 | D:8      | Noticed a green ugly thing
  8164 | D:8      | Noticed a red ugly thing
  8336 | D:8      | Reached skill level 1 in Evocations
  8378 | D:8      | Noticed Maurice
  8385 | D:8      | Killed Maurice
  8435 | D:8      | Identified the +1 ring mail of Okawaru's Whim {rElec rC+
                  | Int+2}
  8563 | D:8      | Noticed Gastronok
  8577 | D:8      | Killed Gastronok
  8578 | D:8      | Reached skill level 11 in Long Blades
  8767 | D:8      | Killed Psyche
  9104 | D:9      | Reached XP level 11. HP: 95/99 MP: 11/11
  9160 | D:9      | Found a staircase to the Orcish Mines.
  9203 | D:9      | Reached skill level 10 in Fighting
  9221 | D:9      | Noticed a two-headed ogre
  9242 | D:9      | Killed a two-headed ogre
  9243 | D:9      | Reached skill level 5 in Evocations
  9552 | D:9      | Noticed Erica
  9562 | D:9      | Killed Erica
  9563 | D:9      | Reached skill level 12 in Long Blades
  9762 | D:9      | Found a snail-covered altar of Cheibriados.
  9950 | D:10     | Entered Level 10 of the Dungeon
 10094 | D:10     | Noticed a two-headed ogre
 10104 | D:10     | Killed a two-headed ogre
 10136 | D:10     | Found a staircase to the Lair.
 10166 | D:10     | Noticed a white ugly thing
 10177 | D:10     | Killed a white ugly thing
 10352 | D:10     | Found a shadowy altar of Dithmenos.
 10390 | D:10     | Noticed Urug
 10405 | D:10     | Killed Urug
 10802 | D:10     | Found a hide-covered altar of Uskayaw.
 11012 | D:10     | Identified a scroll of acquirement
 11012 | D:10     | Acquired 1189 gold pieces
 11228 | D:11     | Noticed Snorg
 11258 | D:11     | HP: 1/102 [Snorg (17)]
 11258 | D:11     | Mangled by Snorg

Illustrated notes

Levels and vault maps discovered:
D:1:      co_arrival_two_rings, layout_basic,
          shapermc_ecumenical_altar_notcrosses, chequers_serial_rivers_marsh
D:2:      layout_rooms
D:3:      layout_basic, grunt_decor_clamped
D:4:      minmay_skewed_foursquare, layout_loops_ring,
          nicolae_ru_great_annihilating_truth, pdpol_wu_jian_five_deadly_venoms,
          minmay_temple_entry_purple_smoke, serial_shops,
          nicolae_take_the_stairs, sigmund_edmund_badplayer
D:5:      layout_basic, minmay_fire_ice_demons
D:6:      layout_rooms, uniq_edmund
D:7:      layout_loops_ring
D:8:      layout_basic, ploomutoo_gammafunk_ghost_potion_laboratory,
          uniq_maurice, uniq_psyche, uniq_joseph, uniq_gastronok
D:9:      layout_roguey, nicolae_overflow_hidden_temple, zombieorc2_lemuel,
          uniq_erica
D:10:     layout_basic, mainiacjoe_overflow_swirl, erik_lair_orcish_takeover,
          chequers_serial_rivers_small_3, uniq_urug
D:11:     layout_rooms, serial_curves, eino_curves_04, eino_curves_02,
          uniq_snorg
Temple:   nicolae_temple_elliptical

Skill      XL: |  1  2  3  4  5  6  7  8  9 10 11 |
---------------+----------------------------------+-----
Dodging        | 3 4 5 7 8 9 |  9.3
Long Blades    | 4 5 6 7 8 10 11 12 | 12.4
Fighting       | 4 5 6 7 8 9 11 | 11.0
Throwing       | 2 |  2.1
Evocations     | 4 6 |  6.4
Stealth        | |  1.7

Action                   |  1- 3 |  4- 6 |  7- 9 | 10-12 || total
-------------------------+-------+-------+-------+-------++-------
Melee: Falchion          |    99 |   114 |       |       ||   213
       Tailslap          |     9 |    18 |    23 |    38 ||    88
       Punch             |     1 |     3 |     4 |     4 ||    12
       Double sword      |       |    36 |   191 |   277 ||   504
 Abil: Breathe Lightning |       |       |     1 |     2 ||     3
Evoke: Wand              |       |       |     4 |     8 ||    12
  Use: Scroll            |       |     4 |     5 |    14 ||    23
       Potion            |       |     3 |       |     3 ||     6
 Stab: Sleeping          |     3 |     7 |     3 |     2 ||    15
       Invisible         |       |     2 |     1 |       ||     3
       Paralysed         |       |     1 |       |       ||     1
       Distracted        |       |       |     2 |     5 ||     7
Armor: Skin              |    31 |    32 |    55 |    62 ||   180
Dodge: Dodged            |    76 |   123 |   135 |   128 ||   462

Table legend: (Time is in decaauts)
 A = Elapsed time spent in this place.
 B = Non-inter-level travel time spent in this place.
 C = Inter-level travel time spent in this place.
 D = Time resting spent in this place.
 E = Time spent auto-exploring this place.
 F = Levels seen in this place.
 G = Mean time per level.
                   A        B        C        D        E       F      G
               +--------+--------+--------+--------+--------+-----+--------+
         Total |  11293 |  10777 |    516 |   2528 |   6117 |  12 |  941.1 |
       Dungeon |  11130 |  10644 |    486 |   2528 |   6000 |  11 | 1011.8 |
        Temple |    162 |    132 |     30 |      0 |    117 |   1 |  162.0 |
               +--------+--------+--------+--------+--------+-----+--------+

Top non-repeatable levels by time:
     D:3: 1420 daAuts
     D:2: 1401 daAuts
     D:5: 1259 daAuts
    D:10: 1209 daAuts
     D:4: 1205 daAuts
     D:8: 1048 daAuts
     D:1: 975 daAuts
     D:6: 963 daAuts
     D:9: 952 daAuts
     D:7: 611 daAuts
  Temple: 162 daAuts
    D:11: 83 daAuts
